3L
KINGSTON TOWNSHIP KNIGHTS @ PANAMA CITY PIRANHAS
08/21/2034
 
TOP OF THE 1ST
Kingston Township Knights batting - Pitching for Panama City Piranhas : RHP Luis Torrez
Pitching: RHP Luis Torrez
Batting: RHB Gerald Mills 0-0: Ball
1-0: Ball
2-0: Called Strike
2-1: Foul Ball, location: 2F
2-2: Strikes out swinging
Batting: LHB António González 0-0: Fly out, F9 (Flyball, 89D)
Batting: RHB Ron Bernard 0-0: Called Strike
0-1: Ball
1-1: Ball
2-1: Ball
3-1: Foul Ball, location: 2F
3-2: Foul Ball, location: 2F
3-2: Foul Ball, location: 2F
3-2: Base on Balls
Batting: LHB Ed Mellor 0-0: Called Strike
0-1: Foul Ball, location: 2F
0-2: Strikes out swinging
Top of the 1st over - 0 runs, 0 hits, 0 errors, 1 left on base; Kingston Township 0 - Panama City 0
BOTTOM OF THE 1ST
Panama City Piranhas batting - Pitching for Kingston Township Knights : RHP Jesús Acosta
Pitching: RHP Jesús Acosta
Batting: RHB Quindarious Monday 0-0: Swinging Strike
0-1: Fly out, F8 (Flyball, 8RD)
Batting: LHB Murray Sperber 0-0: Ball
1-0: Called Strike
1-1: Ground out 4-3 (Groundball, 4)
Batting: RHB Mike Strickland 0-0: Foul Ball, location: 2F
0-1: Foul Ball, location: 2F
0-2: Ball
1-2: Ball
2-2: Strikes out swinging
Bottom of the 1st over - 0 runs, 0 hits, 0 errors, 0 left on base; Kingston Township 0 - Panama City 0
TOP OF THE 2ND
Kingston Township Knights batting - Pitching for Panama City Piranhas : RHP Luis Torrez
Batting: RHB EP Weston 0-0: Ball
1-0: Ball
2-0: Ball
3-0: Base on Balls
Batting: RHB Júlio Rodríguez 0-0: Called Strike
0-1: Swinging Strike
Throwing error on steal attempt, E2
EP Weston to third
0-2: DOUBLE (Flyball, 8RXD)
EP Weston scores
Batting: RHB José Icaza 0-0: Ball
1-0: Foul Ball, location: 2F
1-1: Foul Ball, location: 2F
1-2: Ground out 5-3 (Groundball, 56S)
Júlio Rodríguez to third
Batting: RHB Gustavo Mateo 0-0: Ball
1-0: Ball
2-0: Ball
3-0: Base on Balls
Batting: LHB Ruben Yim 0-0: Ball
1-0: Ball
2-0: Called Strike
2-1: Called Strike
2-2: Ball
3-2: Fly out, F8 (Flyball, 8LXD)
Runner from 3rd tags up, SCORES, no throw
Batting: RHB Gerald Mills 0-0: Ball
1-0: Foul Ball, location: 2F
1-1: Swinging Strike
1-2: Ball
2-2: Strikes out swinging
Top of the 2nd over - 2 runs, 1 hit, 1 error, 1 left on base; Kingston Township 2 - Panama City 0
BOTTOM OF THE 2ND
Panama City Piranhas batting - Pitching for Kingston Township Knights : RHP Jesús Acosta
Batting: RHB Tak-hing Huang 0-0: Ball
1-0: Ball
2-0: Ground out 4-3 (Groundball, 4)
Batting: RHB Sadakuno Taketo 0-0: Ball
1-0: Foul Ball, location: 2F
1-1: SINGLE (Flyball, 89S)
Batting: LHB John Hansen 0-0: Foul Ball, location: 2F
0-1: Ball
1-1: Foul Ball, location: 2F
1-2: Fielders Choice at 2nd, 3-6 (Groundball, 34)
Batting: LHB António Ramos 0-0: Called Strike
0-1: Foul Ball, location: 2F
0-2: Foul Ball, location: 2F
0-2: Ball
1-2: Ball
2-2: Ball
3-2: Ground out 4-3 (Groundball, 4)
Bottom of the 2nd over - 0 runs, 1 hit, 0 errors, 1 left on base; Kingston Township 2 - Panama City 0
TOP OF THE 3RD
Kingston Township Knights batting - Pitching for Panama City Piranhas : RHP Luis Torrez
Batting: LHB António González 0-0: Ball
1-0: Called Strike
1-1: Foul Ball, location: 2F
1-2: SINGLE (Flyball, 78M)
Batting: RHB Ron Bernard 0-0: Ball
1-0: Ball
2-0: Called Strike
2-1: Swinging Strike
2-2: Foul Ball, location: 2F
2-2: Ground out 5-3 (Groundball, 56S)
António González to second
Batting: LHB Ed Mellor 0-0: Ball
1-0: Called Strike
1-1: Ball
2-1: Swinging Strike
2-2: Foul Ball, location: 2F
2-2: Foul Ball, location: 2F
2-2: Fly out, F7 (Flyball, 7LS)
Batting: RHB EP Weston 0-0: Called Strike
0-1: Called Strike
0-2: Strikes out swinging
Top of the 3rd over - 0 runs, 1 hit, 0 errors, 1 left on base; Kingston Township 2 - Panama City 0
BOTTOM OF THE 3RD
Panama City Piranhas batting - Pitching for Kingston Township Knights : RHP Jesús Acosta
Batting: SHB Dave Atkins 0-0: Fly out, F7 (Flyball, 7S)
Batting: LHB Jordan Westacott 0-0: Foul Ball, location: 2F
0-1: Ball
1-1: Ball
2-1: SINGLE (Groundball, 4S) (infield hit)
Batting: RHB Quindarious Monday 0-0: Called Strike
Jordan Westacott steals 2nd base
0-1: Called Strike
0-2: Foul Ball, location: 2F
0-2: Ball
1-2: Ball
2-2: Foul Ball, location: 2F
2-2: Ball
3-2: Base on Balls
Batting: LHB Murray Sperber 0-0: Ball
1-0: Foul Ball, location: 2F
1-1: Called Strike
Jordan Westacott steals 3rd base
Quindarious Monday to second
1-2: Fly out, F6 (Popup, 6M)
Batting: RHB Mike Strickland 0-0: Called Strike
0-1: Ball
1-1: Swinging Strike
1-2: SINGLE (Groundball, 34S) (infield hit)
Jordan Westacott scores
Quindarious Monday to third
Batting: RHB Tak-hing Huang 0-0: Ball
1-0: Ball
2-0: Fly out, F9 (Line Drive, 9LS)
Bottom of the 3rd over - 1 run, 2 hits, 0 errors, 2 left on base; Kingston Township 2 - Panama City 1
TOP OF THE 4TH
Kingston Township Knights batting - Pitching for Panama City Piranhas : RHP Luis Torrez
Batting: RHB Júlio Rodríguez 0-0: Foul Ball, location: 2F
0-1: Called Strike
0-2: Ball
1-2: Ball
2-2: Fly out, F5 (Line Drive, 5S)
Batting: RHB José Icaza 0-0: Ground out 4-3 (Groundball, 4M)
Batting: RHB Gustavo Mateo 0-0: Ball
1-0: Ball
2-0: SINGLE (Flyball, 9S)
Batting: LHB Ruben Yim 0-0: Ball
1-0: Hit by Pitch
Gustavo Mateo to second
Batting: RHB Gerald Mills 0-0: Ball
1-0: Fielders Choice at 2nd, 5-4 (Groundball, 5L)
Top of the 4th over - 0 runs, 1 hit, 0 errors, 2 left on base; Kingston Township 2 - Panama City 1
BOTTOM OF THE 4TH
Panama City Piranhas batting - Pitching for Kingston Township Knights : RHP Jesús Acosta
Batting: RHB Sadakuno Taketo 0-0: Ball
1-0: Swinging Strike
1-1: Fly out, F8 (Flyball, 8RXD)
Batting: LHB John Hansen 0-0: Ball
1-0: Hit by Pitch
Batting: LHB António Ramos 0-0: Called Strike
0-1: Foul Ball, location: 2F
0-2: SINGLE (Groundball, 34D)
John Hansen to second
Runner from 2nd tries for 3rd, SAFE, throw made to third
Batting: SHB Dave Atkins 0-0: Ball
1-0: Called Strike
1-1: SINGLE (Groundball, 4MD)
John Hansen scores
António Ramos to second
Runner from 2nd tries for 3rd, SAFE, no throw
Batting: LHB Jordan Westacott 0-0: Ball
1-0: Swinging Strike
1-1: Called Strike
1-2: Strikes out swinging
Batting: RHB Quindarious Monday 0-0: Swinging Strike
0-1: Foul Ball, location: 2F
0-2: Fly out, F9 (Flyball, 9LSF)
Bottom of the 4th over - 1 run, 2 hits, 0 errors, 2 left on base; Kingston Township 2 - Panama City 2
TOP OF THE 5TH
Kingston Township Knights batting - Pitching for Panama City Piranhas : RHP Luis Torrez
Batting: LHB António González 0-0: Foul Ball, location: 2F
0-1: Ball
1-1: Foul Ball, location: 2F
1-2: Ball
2-2: DOUBLE (Line Drive, 9LS)
Pinch Runner at 2nd Alejandro Serrato:
Batting: RHB Ron Bernard 0-0: Called Strike
0-1: Ball
1-1: Ground out 5-3 (Groundball, 56S)
Alejandro Serrato to third
Batting: LHB Ed Mellor 0-0: Swinging Strike
0-1: Ball
1-1: Ground out U3 (Groundball, 3)
Batting: RHB EP Weston 0-0: Foul Ball, location: 2F
0-1: Swinging Strike
0-2: Hit by Pitch
Pitching: RHP Greg Rook
Batting: RHB Júlio Rodríguez 0-0: Ball
1-0: Ball
2-0: Fielders Choice at 2nd, 6-4 (Groundball, 56)
Top of the 5th over - 0 runs, 1 hit, 0 errors, 2 left on base; Kingston Township 2 - Panama City 2
BOTTOM OF THE 5TH
Panama City Piranhas batting - Pitching for Kingston Township Knights : RHP Jesús Acosta
Now at SS: Alejandro Serrato
Batting: LHB Murray Sperber 0-0: Ball
1-0: Ball
2-0: Foul Ball, location: 2F
2-1: SINGLE (Line Drive, 34D)
Batting: RHB Mike Strickland 0-0: Ball
1-0: Grounds into double play, 4-6-3 (Groundball, 4)
Batting: RHB Tak-hing Huang 0-0: Called Strike
0-1: Ground out 1-3 (Groundball, 13)
Bottom of the 5th over - 0 runs, 1 hit, 0 errors, 0 left on base; Kingston Township 2 - Panama City 2
TOP OF THE 6TH
Kingston Township Knights batting - Pitching for Panama City Piranhas : RHP Greg Rook
Batting: RHB José Icaza 0-0: Ball
1-0: Called Strike
1-1: Ball
2-1: Ball
3-1: Base on Balls
Batting: RHB Gustavo Mateo 0-0: Sac Bunt - play at first, batter OUT! 3-4
José Icaza to second
Batting: LHB Ruben Yim 0-0: Intentional Walk
Batting: RHB Gerald Mills 0-0: Swinging Strike
0-1: Ground out 5-3 (Groundball, 56)
José Icaza to third
Ruben Yim to second
Batting: RHB Alejandro Serrato 0-0: Ball
1-0: Ground out 5-3 (Groundball, 56S)
Top of the 6th over - 0 runs, 0 hits, 0 errors, 2 left on base; Kingston Township 2 - Panama City 2
BOTTOM OF THE 6TH
Panama City Piranhas batting - Pitching for Kingston Township Knights : RHP Jesús Acosta
Batting: RHB Sadakuno Taketo 0-0: Ball
1-0: Ball
2-0: Fly out, F7 (Flyball, 7S)
Batting: LHB John Hansen 0-0: Called Strike
0-1: Called Strike
0-2: Strikes out looking
Batting: LHB António Ramos 0-0: Ball
1-0: Foul Ball, location: 2F
1-1: Ball
2-1: Swinging Strike
2-2: Strikes out looking
Bottom of the 6th over - 0 runs, 0 hits, 0 errors, 0 left on base; Kingston Township 2 - Panama City 2
TOP OF THE 7TH
Kingston Township Knights batting - Pitching for Panama City Piranhas : RHP Greg Rook
Batting: RHB Ron Bernard 0-0: Ball
1-0: Called Strike
1-1: Foul Ball, location: 2F
1-2: Foul Ball, location: 2F
1-2: Ball
2-2: Foul Ball, location: 2F
2-2: Ground out 1-3 (Groundball, 13S)
Batting: LHB Ed Mellor 0-0: Ball
1-0: SOLO HOME RUN (Line Drive, 7LD), Distance : 336 ft
Batting: RHB EP Weston 0-0: Ball
1-0: Fly out, F8 (Line Drive, 8LD)
Batting: RHB Júlio Rodríguez 0-0: Fly out, F9 (Flyball, 9S)
Top of the 7th over - 1 run, 1 hit, 0 errors, 0 left on base; Kingston Township 3 - Panama City 2
BOTTOM OF THE 7TH
Panama City Piranhas batting - Pitching for Kingston Township Knights : RHP Jesús Acosta
Batting: SHB Dave Atkins 0-0: Ball
1-0: Ball
2-0: Called Strike
2-1: Foul Ball, location: 2F
2-2: Strikes out looking
Batting: LHB Jordan Westacott 0-0: Ground out 4-3 (Groundball, 4)
Batting: RHB Quindarious Monday 0-0: Ball
1-0: Ball
2-0: Foul Ball, location: 2F
2-1: SINGLE (Line Drive, 7LS)
Batting: LHB Murray Sperber 0-0: Swinging Strike
0-1: Called Strike
0-2: Ball
1-2: Foul Ball, location: 2F
1-2: Foul Ball, location: 2F
1-2: Ball
2-2: Foul Ball, location: 2F
2-2: Ball
3-2: Base on Balls
Quindarious Monday to second
Pitching: LHP Il-young Kim
Batting: RHB Mike Strickland 0-0: Called Strike
0-1: Foul Ball, location: 2F
0-2: Strikes out looking
Bottom of the 7th over - 0 runs, 1 hit, 0 errors, 2 left on base; Kingston Township 3 - Panama City 2
TOP OF THE 8TH
Kingston Township Knights batting - Pitching for Panama City Piranhas : RHP Greg Rook
Pitching: LHP Joe Khokar
Batting: RHB José Icaza 0-0: Ball
1-0: Ball
2-0: Ball
3-0: Called Strike
3-1: DOUBLE (Line Drive, 7LS)
Batting: RHB Gustavo Mateo 0-0: Intentional Walk
Batting: LHB Ruben Yim 0-0: Ball
1-0: Sac Bunt - play at first, batter OUT! 3-4
José Icaza to third
Gustavo Mateo to second
Pinch Hitting: RHB Alfredo Cardenas 0-0: Intentional Walk
Batting: RHB Alejandro Serrato 0-0: Called Strike
0-1: Ball
1-1: Ball
2-1: Called Strike
2-2: Foul Ball, location: 2F
2-2: Ball
3-2: Foul Ball, location: 2F
3-2: Fly out, F9 (Flyball, 9LDF)
Runner from 3rd tags up, SCORES, no throw
Batting: RHB Ron Bernard 0-0: Called Strike
0-1: Foul Ball, location: 2F
0-2: Ball
1-2: Ball
2-2: SINGLE (Groundball, 34D)
Gustavo Mateo to third
Alfredo Cardenas to second
Runner from 3rd tries for Home, SAFE, no throw
Batting: LHB Ed Mellor 0-0: Called Strike
0-1: Ball
1-1: Ball
2-1: Fly out, F4 (Line Drive, 4)
Top of the 8th over - 2 runs, 2 hits, 0 errors, 2 left on base; Kingston Township 5 - Panama City 2
BOTTOM OF THE 8TH
Panama City Piranhas batting - Pitching for Kingston Township Knights : LHP Il-young Kim
Now in CF: Alfredo Cardenas
Batting: RHB Tak-hing Huang 0-0: Called Strike
0-1: Ground out 5-3 (Groundball, 56)
Batting: RHB Sadakuno Taketo 0-0: Ball
1-0: Called Strike
1-1: Ground out 5-3 (Groundball, 56)
Batting: LHB John Hansen 0-0: Ball
1-0: Foul Ball, location: 2F
1-1: Ball
2-1: Ball
3-1: SOLO HOME RUN (Flyball, 9D), Distance : 374 ft
Batting: LHB António Ramos 0-0: Ball
1-0: DOUBLE (Line Drive, 78D)
Batting: SHB Dave Atkins 0-0: Swinging Strike
0-1: Foul Ball, location: 2F
0-2: Strikes out swinging
Bottom of the 8th over - 1 run, 2 hits, 0 errors, 1 left on base; Kingston Township 5 - Panama City 3
TOP OF THE 9TH
Kingston Township Knights batting - Pitching for Panama City Piranhas : LHP Joe Khokar
Batting: RHB EP Weston 0-0: Ball
1-0: Ball
2-0: Foul Ball, location: 2F
2-1: SINGLE (Groundball, 5D)
Batting: RHB Júlio Rodríguez 0-0: Sac Bunt - play at second, runner OUT! 2-6
Batting: RHB José Icaza 0-0: Called Strike
0-1: Called Strike
0-2: Foul Ball, location: 2F
0-2: Ball
1-2: Foul Ball, location: 2F
1-2: Ball
2-2: Ball
3-2: Grounds into double play, 6-4-3 (Groundball, 6)
Top of the 9th over - 0 runs, 1 hit, 0 errors, 0 left on base; Kingston Township 5 - Panama City 3
BOTTOM OF THE 9TH
Panama City Piranhas batting - Pitching for Kingston Township Knights : LHP Il-young Kim
Pitching: RHP John Riggleman
Batting: LHB Jordan Westacott 0-0: Called Strike
0-1: Called Strike
0-2: Strikes out looking
Batting: RHB Quindarious Monday 0-0: Ball
1-0: Called Strike
1-1: Foul Ball, location: 2F
1-2: Fly out, F8 (Flyball, 8RXD)
Batting: LHB Murray Sperber 0-0: Ground out U3 (Groundball, 3D)
Bottom of the 9th over - 0 runs, 0 hits, 0 errors, 0 left on base; Kingston Township 5 - Panama City 3
Friday, March 29th, 2019 - OOTP Baseball 18.8 Build 76